 Dungeon Crawl Stone Soup version 0.29-a0-490-g77b3608bb8 (webtiles) character file.

Game seed: 1776573321748007658

702 zeratav the Grappler (level 7, -1/66 HPs)
             Began as a Troll Fighter on May 26, 2022.
             Slain by a gnoll
             ... wielding a +0 whip
             ... led by a gnoll shaman
              (7 damage)
             ... on level 5 of the Dungeon.
             The game lasted 00:04:29 (2803 turns).

zeratav the Grappler (Troll Fighter)                Turns: 2803, Time: 00:04:29

Health: -1/66      AC:  4    Str: 27    XL:     7   Next: 39%
Magic:  6/6        EV:  8    Int:  4    God:
Gold:   237        SH:  7    Dex:  9    Spells: 6/6 levels left

rFire   . . .      SeeInvis .     - Unarmed
rCold   . . .      Faith    .   b - +0 kite shield
rNeg    . . .      Spirit   .   a - +0 robe
rPois   .          Reflect  .   (helmet restricted)
rElec   .          Harm     .   (no cloak)
rCorr   .          Rampage  .   (gloves unavailable)
Will    +....                   (boots unavailable)
Stlth   +.........              (no amulet)
HPRegen 1.01/turn               n - ring of willpower
MPRegen 0.10/turn               y - ring of flight

@: flying
A: large, unfitting armour, claws 3, regeneration 1, shaggy fur 1, tough skin 1
a: no special abilities


You were on level 5 of the Dungeon.
You visited 1 branch of the dungeon, and saw 5 of its levels.

You collected 237 gold pieces.


Innate Abilities, Weirdness & Mutations

You are too large for most types of armour.
You have claws for hands.
Your natural rate of healing is unusually fast.
You are covered in fur. (AC +1)
You have tough skin. (AC +1)


   Skills:
 - Level 2.4 Fighting
 - Level 2.4 Dodging
 - Level 2.6 Shields
 + Level 8.4 Unarmed Combat


You had 6 spell levels left.
You didn't know any spells.
Your spell library contained the following spells:

 Spells                   Type           Power      Damage    Failure   Level
 Freeze                   Ice            0%         1d3       80%         1
 Frozen Ramparts          Ice            0%         1d2       99%         3
 Animate Dead             Necr           0%         N/A       100%        4
 Corpse Rot               Necr/Pois/Air  0%         N/A       100%        4
 Dispel Undead            Necr           0%         3d6       100%        4
 Hailstorm                Conj/Ice       0%         3d3       100%        4
 Borgnjor's Vile Clutch   Necr/Erth      0%         N/A       100%        5
 Death Channel            Necr           0%         N/A       100%        6

Inventory:

Missiles
 t - 6 javelins (quivered) {throwing}
Armour
 a - a +0 robe (worn)
 b - a +0 kite shield (worn)
 C - a +0 robe
   (You took it off an orc wizard on level 4 of the Dungeon)
 D - a +0 robe
   (You took it off an orc wizard on level 4 of the Dungeon)
 E - a +0 robe
   (You found it on level 4 of the Dungeon)
 I - a +0 robe
   (You found it on level 5 of the Dungeon)
Jewellery
 n - a ring of willpower (left claw)
   (You found it on level 3 of the Dungeon)
 o - a ring of ice
   (You found it on level 3 of the Dungeon)
 r - a ring of wizardry
   (You took it off an orc on level 3 of the Dungeon)
 y - a ring of flight (right claw)
   (You found it on level 4 of the Dungeon)
Wands
 f - a wand of flame (45)
   (You found it on level 2 of the Dungeon)
 q - a wand of digging (9)
   (You found it on level 3 of the Dungeon)
 v - a wand of iceblast (8)
   (You found it on level 4 of the Dungeon)
Scrolls
 g - 2 scrolls of teleportation {unknown}
 j - 2 scrolls of fog {unknown}
 k - 5 scrolls of identify {unknown}
 l - a scroll of fear {unknown}
 u - 4 scrolls of enchant armour {unknown}
 w - a scroll of magic mapping {unknown}
 x - a scroll of torment {unknown}
 A - 2 scrolls of vulnerability {unknown}
 H - a scroll of noise {unknown}
Potions
 c - 3 potions of might
 d - a potion of brilliance {unknown}
 e - a potion of heal wounds {unknown}
 h - a potion of resistance {unknown}
 i - 3 potions of curing {unknown}
 m - a potion of haste {unknown}
 p - a potion of degeneration {unknown}
 s - a potion of magic {unknown}
 z - a potion of ambrosia {unknown}
 B - a potion of lignification {unknown}
 F - a potion of attraction {unknown}
 G - a potion of berserk rage {unknown}

Dungeon Overview and Level Annotations

Branches:
Dungeon (5/15)
 Temple: D:4-7

Altars:
Fedhas
Kikubaaqudgha

.# .# .# ##.#
..>#####
#########......#
......gg#.....>#
.!....)@h......#
......gg#......#
........#......####
........#.........#
........#.........#
........#.........#
........#.........#
.(......####......#
#.........#


You could see a hound and 4 gnolls.


Message History

You kill the ogre!
You block the orc's attack.
Your Unarmed Combat skill increases to level 8!
You have reached level 7!
HP[+6] MP[+1]
You now have 66 max hp (+7).
You regained 6 hp, and now have 46/66 hp.
Your mp is fully restored (6).
You scratch the orc but do no damage. The orc hits you but does no damage.
HP[+1]
You mangle the orc!!
You kill the orc!
HP[+1]
Things that are here:
a +0 dagger {short}; a +0 ring mail; an orc corpse HP[+1]
Things that are here:
a +0 giant club {mace}; an ogre corpse; HP[+1]
J - a +0 giant club {mace} HP[+1]
You drop a +0 giant club {mace}.
HP[+1] No target in view!
Found an escape hatch in the floor.
HP[+14]
Your hp is fully restored (66).
Found a stone staircase leading down.
g - 2 scrolls labelled ODORUA RAWEMO (gained 1)
u - 4 scrolls labelled QUWNIO TOAS (gained 3)
You now have 237 gold pieces (gained 12).
As you open the door, it creaks loudly!
A gnoll comes into view. It is wielding a +0 flail.
You hear a shout!
You hear a bark!
You hear a shout! x2
A centaur comes into view.
There are monsters nearby!
A gnoll shaman and 2 gnolls come into view.
The gnoll shaman shouts!
The gnoll shouts!
The centaur wields a +0 shortbow.
The centaur shoots an arrow.
The arrow hits you!
A gnoll comes into view. It is wielding a +0 whip.
There is an open door, spattered with blood here.
HP[-14]
You take 14 damage, and now have 52/66 hp.
MASSIVE DAMAGE!! (PAUSE)
The centaur shoots an arrow.
You block the arrow.
You closely miss the gnoll.
A hound comes into view.
You block the gnoll's attack.
The hound barks!
You claw the centaur!
The centaur unwields a +0 shortbow.
The centaur hits you. The centaur kicks you. You block the hound's attack.
The gnoll barely misses you.
You claw the centaur!
You kill the centaur!
You block the hound's attack. You block the gnoll's attack.
The gnoll hits you with a +0 flail.
HP[-6]
You take 6 damage, and now have 46/66 hp.
You are too injured to fight recklessly!
You are too injured to fight recklessly!
You are too injured to fight recklessly!
You are too injured to fight recklessly!
You are too injured to fight recklessly!
You are too injured to fight recklessly!
You are too injured to fight recklessly!
You are too injured to fight recklessly!
You are too injured to fight recklessly!
You are too injured to fight recklessly!
You are too injured to fight recklessly!
You are too injured to fight recklessly!
You are too injured to fight recklessly!
You are too injured to fight recklessly!
You are too injured to fight recklessly!
You are too injured to fight recklessly!
You are too injured to fight recklessly!
You closely miss the gnoll shaman. The hound barely misses you.
The hound bites you. The gnoll closely misses you.
HP[-3]
You take 3 damage, and now have 43/66 hp.
You mangle the gnoll shaman!!
You kill the gnoll shaman!
The hound bites you. The gnoll hits you with a +0 whip!
* * * LOW HITPOINT WARNING * * *
The gnoll hits you with a +0 flail!
* * * LOW HITPOINT WARNING * * *
You block the gnoll's attack. The gnoll hits you with a +0 flail!
* * * LOW HITPOINT WARNING * * *
HP[-32]
You take 32 damage, and now have 11/66 hp.
MASSIVE DAMAGE!! (PAUSE)
You closely miss the hound. The hound closely misses you. The hound bites you.
* * * LOW HITPOINT WARNING * * *
The gnoll completely misses you. You block the gnoll's attack.
The gnoll closely misses you. The gnoll hits you with a +0 flail.
* * * LOW HITPOINT WARNING * * *
HP[-6]
You take 6 damage, and now have 5/66 hp.
You scratch the hound. You block the hound's attack.
The gnoll hits you with a +0 whip!
You die...

Skill      XL: |  1  2  3  4  5  6 |
---------------+-------------------+-----
Unarmed Combat | 3 4 5 6 8 |  8.4
Fighting       | |  2.4
Dodging        | |  2.4
Shields        | |  2.6

Action                   |  1- 3 |  4- 6 |  7- 9 || total
-------------------------+-------+-------+-------++-------
Melee: Unarmed           |    73 |   163 |     9 ||   245
Throw: Javelin           |       |     6 |       ||     6
 Stab: Sleeping          |     1 |       |       ||     1
Armor: Robe              |    14 |    52 |     1 ||    67
Dodge: Dodged            |    33 |    56 |     6 ||    95
Block: Kite shield       |    15 |    60 |     8 ||    83

Levels and vault maps discovered:
D:1:      lemuel_arrival_funnel, layout_rooms, minivault_23,
          hangedman_decor_points
D:2:      layout_loops_ring, basic_altar, st_stairs_4, grunt_decor_junction,
          minmay_tiny_reverse_x, uniq_natasha
D:3:      layout_basic, hellmonk_ecumenical_altar_lost_god
D:4:      layout_cave_pools
D:5:      layout_basic, mainiacjoe_overflow_alcove_4,
          minmay_temple_entry_arrows, gammafunk_ghost_nasty_kobolds

Notes
Turn   | Place    | Note
-------+----------+-------------------------------------------
     0 | D:1      | zeratav the Troll Fighter began the quest for the Orb.
     0 | D:1      | Reached XP level 1. HP: 22/22 MP: 0/0
     0 | D:1      | magus.rc [v1.9.6]
   112 | D:1      | Reached XP level 2. HP: 28/29 MP: 1/1
   238 | D:1      | Reached skill level 3 in Unarmed Combat
   571 | D:2      | You pick up a book of Unlife and begin reading...
   571 | D:2      | You add the spells Animate Dead, Borgnjor's Vile Clutch and
                  | Death Channel to your library.
   592 | D:2      | Noticed Natasha
   597 | D:2      | Noticed a crimson imp
   601 | D:2      | Killed Natasha
   602 | D:2      | Reached XP level 3. HP: 23/36 MP: 2/2
   676 | D:2      | Reached skill level 4 in Unarmed Combat
   724 | D:2      | Found an ancient bone altar of Kikubaaqudgha.
   730 | D:2      | Noticed Natasha
   737 | D:2      | Killed Natasha
   738 | D:2      | Reached XP level 4. HP: 41/44 MP: 3/3
   763 | D:2      | Noticed Natasha
   769 | D:2      | Killed Natasha
  1020 | D:2      | Reached skill level 5 in Unarmed Combat
  1294 | D:3      | Found a faded altar of an unknown god.
  1309 | D:3      | Reached XP level 5. HP: 50/50 MP: 4/4
  1560 | D:3      | You pick up a book of Frost and begin reading...
  1560 | D:3      | You add the spells Freeze, Frozen Ramparts and Hailstorm to
                  | your library.
  2129 | D:4      | You pick up a book of Decay and begin reading...
  2129 | D:4      | You add the spells Corpse Rot and Dispel Undead to your
                  | library.
  2137 | D:4      | Noticed a sky beast
  2144 | D:4      | Killed a sky beast
  2145 | D:4      | Reached skill level 6 in Unarmed Combat
  2180 | D:4      | Reached XP level 6. HP: 57/59 MP: 5/5
  2361 | D:4      | Reached skill level 7 in Unarmed Combat
  2370 | D:4      | HP: 12/59 [orc/+0 club (5)]
  2376 | D:4      | HP: 11/59 [something (3)]
  2674 | D:5      | Entered Level 5 of the Dungeon
  2693 | D:5      | Found a blossoming altar of Fedhas.
  2758 | D:5      | Reached skill level 8 in Unarmed Combat
  2758 | D:5      | Reached XP level 7. HP: 46/66 MP: 6/6
  2801 | D:5      | HP: 11/66 [gnoll/+0 flail[a gnoll shaman] (12)]
  2802 | D:5      | HP: 5/66 [gnoll/+0 flail[a gnoll shaman] (4)]
  2803 | D:5      | Slain by a gnoll

Vanquished Creatures
  A sky beast (D:4)
  An ogre (D:5)
  A centaur (D:5)
  2 hounds (D:4)
  A gnoll shaman (D:5)
  2 orc wizards (D:4)
  Natasha (thrice) (D:2)
  3 iguanas (D:4)
  9 adders
  A worm (D:2)
  A dart slug (D:3)
  6 orcs
  9 ball pythons
  4 bats
  7 endoplasms
  A giant cockroach (D:1)
  5 hobgoblins
  2 jackals (D:3)
  5 quokkas
  4 frilled lizards
  4 goblins
  9 kobolds
  5 rats
86 creatures vanquished.

Table legend:
 A = Non-vault XP
 B = Vault XP
 C = Vault XP percentage of total XP
 D = Non-vault monster count
 E = Vault monster count
 F = Vault count percentage of total count
                 A         B        C        D         E       F
            +---------+---------+-------+---------+---------+-------
      Total |     959 |      45 |   4.5 |      81 |       5 |   5.8
            +---------+---------+-------+---------+---------+-------
        D:1 |      22 |       0 |   0.0 |      15 |       0 |   0.0
        D:2 |      95 |      45 |  32.1 |      11 |       5 |  31.2
        D:3 |      85 |       0 |   0.0 |      22 |       0 |   0.0
        D:4 |     458 |       0 |   0.0 |      27 |       0 |   0.0
        D:5 |     299 |       0 |   0.0 |       6 |       0 |   0.0
            +---------+---------+-------+---------+---------+-------

Illustrated notes

Table legend:
 A = Kills in this place as a percentage of kills in entire the game.
 B = Kills by you in this place as a percentage of kills by you in the entire game.
 C = Kills by friends in this place as a percentage of kills by friends in the entire game.
 D = Other kills in this place as a percentage of other kills in the entire game.
 E = Experience gained in this place as a percentage of experience gained in the entire game.
 F = Experience gained in this place divided by the number of levels of this place that you have seen.
                   A       B       C       D       E      F
               +-------+-------+-------+-------+-------+----------------------
         Total | 100.0 | 100.0 |   N/A |   N/A | 100.0 | 200.8
       Dungeon | 100.0 | 100.0 |   N/A |   N/A | 100.0 | 200.8
               +-------+-------+-------+-------+-------+----------------------

Table legend: (Time is in decaauts)
 A = Elapsed time spent in this place.
 B = Non-inter-level travel time spent in this place.
 C = Inter-level travel time spent in this place.
 D = Time resting spent in this place.
 E = Time spent auto-exploring this place.
 F = Levels seen in this place.
 G = Mean time per level.
                   A        B        C        D        E       F      G
               +--------+--------+--------+--------+--------+-----+--------+
         Total |   2813 |   2638 |    175 |      0 |   2048 |   5 |  562.6 |
       Dungeon |   2813 |   2638 |    175 |      0 |   2048 |   5 |  562.6 |
               +--------+--------+--------+--------+--------+-----+--------+

Top non-repeatable levels by time:
     D:3: 902 daAuts
     D:2: 730 daAuts
     D:4: 575 daAuts
     D:1: 476 daAuts
     D:5: 128 daAuts
